 Dungeon Crawl Stone Soup version 0.19.1 (webtiles) character file.

138 Pelerin the Skirmisher (level 5, 0/46 HPs)
             Began as a Hill Orc Fighter on Jan 27, 2017.
             Slain by a gnoll
             ... wielding a +0 spear
              (3 damage)
             ... on level 3 of the Dungeon.
             The game lasted 00:05:47 (2544 turns).

Pelerin the Skirmisher (Hill Orc Fighter)           Turns: 2544, Time: 00:05:48

Health: 0/46       AC: 11    Str: 25    XL:     5   Next: 21%
Magic:  5/5        EV:  7    Int:  8    God:
Gold:   129        SH: 10    Dex: 10    Spells: 0 memorised, 4 levels left

rFire  . . .     SeeInvis .     a - +1 flail
rCold  . . .     Gourm    .     b - +0 scale mail
rNeg   . . .     Faith    .     c - +0 shield
rPois  .         Spirit   .     n - +2 helmet
rElec  .         Reflect  .     i - +0 cloak
rCorr  .         Harm     .     (no gloves)
MR     .....                    (no boots)
Stlth  ..........               (no amulet)
                                (no ring)
                                (no ring)

@: mighty, lethally poisoned (0 -> -2)
A: no striking features
a: no special abilities


You were on level 3 of the Dungeon.
You were not hungry.

You visited 1 branch of the dungeon, and saw 3 of its levels.

You collected 129 gold pieces.

Inventory:

Hand Weapons
 a - a +1 flail (weapon)
Armour
 b - a +0 scale mail (worn)
 c - a +0 shield (worn)
 i - a +0 cloak (worn)
 n - a +2 helmet (worn)
Scrolls
 e - 3 scrolls of identify
Potions
 l - a potion of agility
 o - a potion of resistance {unknown}
Comestibles
 f - 4 bread rations
 g - a beef jerky
 h - 3 chunks of flesh
 j - a meat ration
 k - a slice of pizza
 m - 4 fruits


   Skills:
 + Level 4.2 Fighting
 * Level 4.0 Maces & Flails
 + Level 4.2 Armour
 + Level 4.0 Shields


You had 4 spell levels left.
You didn't know any spells.

Dungeon Overview and Level Annotations

Branches:
Dungeon (3/15)

Altars:
Nemelex Xobeh
Ru
Uskayaw


Message History

* * * LOW HITPOINT WARNING * * *
The adder bites you but does no damage. The gnoll hits you but does no damage.
You thump the adder!
You kill the adder!
Your Maces & Flails skill increases to level 4!
Your Shields skill increases to level 4!
You feel sick. The gnoll hits you but does no damage.
The gnoll hits you with a halberd.
* * * LOW HITPOINT WARNING * * *
You sock the gnoll!
The gnoll is severely wounded.
You feel sick. You block the gnoll's attack. The gnoll hits you with a halberd.
* * * LOW HITPOINT WARNING * * *
You closely miss the gnoll.
The gnoll is severely wounded.
The gnoll hits you from afar with a spear.
* * * LOW HITPOINT WARNING * * *
The gnoll barely misses you.
The gnoll hits you from afar with a spear.
You die...

... #..# ###..## #......
#..... ###+###### #.....
#........#
#..g######........#
..###..gg@............#
........###...........#
...................###
...................#
..####.......#.....# #
#....#..........# ###.#
#....#..#.......#######
........
................>').....
.......
.......#..#.......#######


You could see 2 gnolls and a hobgoblin.

Vanquished Creatures
  Terence (D:2)
  A gnoll (D:3)
  4 adders
  A worm (D:2)
  3 dart slugs
  2 leopard geckos
  2 orcs (D:3)
  9 bats
  A giant cockroach (D:2)
  6 goblins
  9 hobgoblins
  A quokka (D:2)
  A ball python (D:2)
  4 frilled lizards
  8 kobolds
  4 rats
57 creatures vanquished.

Notes
Turn   | Place    | Note
-------+----------+-------------------------------------------
     0 | D:1      | Pelerin the Hill Orc Fighter began the quest for the Orb.
     0 | D:1      | Reached XP level 1. HP: 19/19 MP: 1/1
    40 | D:1      | Reached XP level 2. HP: 16/27 MP: 2/2
   870 | D:1      | Reached XP level 3. HP: 31/33 MP: 3/3
  1711 | D:2      | Reached XP level 4. HP: 36/40 MP: 4/4
  1753 | D:2      | Found a faded altar of an unknown god.
  1898 | D:2      | Noticed Terence
  1910 | D:2      | Killed Terence
  2002 | D:2      | Noticed an enchanted dagger
  2003 | D:2      | Noticed a dagger
  2006 | D:2      | Found a hide-covered altar of Uskayaw.
  2282 | D:3      | Found a sacrificial altar of Ru.
  2318 | D:3      | Found a sparkling altar of Nemelex Xobeh.
  2428 | D:3      | Reached XP level 5. HP: 46/46 MP: 5/5
  2544 | D:3      | Slain by a gnoll

Skill      XL: |  1  2  3  4  5 |
---------------+----------------+-----
Maces & Flails | 3 4 |  4.0
Fighting       | 4 |  4.2
Armour         | 4 |  4.2
Shields        | 4 |  4.0

Action                   |  1- 3 |  4- 6 || total
-------------------------+-------+-------++-------
Melee: Flail             |   145 |    69 ||   214
  Use: Scroll            |     4 |       ||     4
       Potion            |     2 |     4 ||     6
  Eat: Chunk             |     3 |     3 ||     6
Armor: Scale mail        |    80 |    45 ||   125
Dodge: Dodged            |    46 |    26 ||    72
Block: Shield            |    78 |    49 ||   127
